 Dungeon Crawl Stone Soup version 0.30-a0-358-g0d69a1922f (webtiles) character file.

Game seed: 8171107013270966265

23 Manisia the Insei (level 3, -2/23 HPs)
             Began as an Octopode Transmuter on Nov 10, 2022.
             Slain by a gnoll
             ... wielding a +0 spear
              (7 damage)
             ... on level 2 of the Dungeon.
             The game lasted 00:01:32 (1164 turns).

Manisia the Insei (Octopode Transmuter)             Turns: 1164, Time: 00:01:33

Health: -2/23      AC:  1    Str:  9    XL:     3   Next: 0%
Magic:  3/6        EV: 13    Int: 17    God:
Gold:   73         SH:  0    Dex: 12    Spells: 3/6 levels left

rFire   . . .      SeeInvis .      - Unarmed
rCold   + . .      Faith    .    (no shield)
rNeg    . . .      Spirit   .    (helmet currently unavailable)
rPois   .          Reflect  .    (no amulet)
rElec   .          Harm     .    g - ring of protection from cold
rCorr   .          Rampage  .    (no ring)
Will    .....                    (no ring)
Stlth   ++........               (no ring)
HPRegen 0.23/turn                (no ring)
MPRegen 0.10/turn                (no ring)
                                 (no ring)
                                 (no ring)

@: appendages, wereblooded
A: tentacle spike 3, almost no armour, amphibious, 8 rings, camouflage 1,
gelatinous body 1, (nimble swimmer 1), tentacles
a: End Transformation


You were on level 2 of the Dungeon.
One of your tentacles had grown a beastly spike.
You visited 1 branch of the dungeon, and saw 2 of its levels.

You collected 73 gold pieces.

Inventory:

Missiles
 b - 9 poisoned darts
Jewellery
 g - a ring of protection from cold (left tentacle)
Scrolls
 i - a scroll of identify
Potions
 a - 2 potions of lignification
 f - a potion of curing


   Skills:
 + Level 1.0 Fighting
 + Level 2.1 Dodging
 + Level 0.4 Stealth
 + Level 3.8 Unarmed Combat
 + Level 2.1 Spellcasting
 + Level 2.0 Transmutations


You had 3 spell levels left.
You knew the following spells:

 Your Spells              Type           Power      Damage    Failure   Level
a - Beastly Appendage     Tmut           16%        N/A       9%          1
b - Wereblood             Tmut           8%         N/A       12%         2

Your spell library contained the following spells:

 Spells                   Type           Power      Damage    Failure   Level
 Spider Form              Tmut/Pois      5%         N/A       36%         3
 Ice Form                 Ice/Tmut       5%         N/A       77%         4


Dungeon Overview and Level Annotations

Branches:
Dungeon (2/15)

Altars:


Innate Abilities, Weirdness & Mutations

One of your tentacles has grown a beastly spike.
You cannot wear most types of armour.
You are amphibious.
You can wear up to eight rings at the same time.
Your skin changes colour to match your surroundings (Stealth+).
Your rubbery body absorbs attacks. (AC +1, EV +1)
((You are camouflaged when in or above water. (Stealth+)))
You have tentacles for arms and can constrict up to eight enemies at once.


Message History

Your experience leads to an increase in your attributes!
Increase (S)trength, (I)ntelligence, or (D)exterity?
You feel clever. x2
Your transformation is almost over.
Your tentacle spike disappears.
HP restored.
Things that are here:
a +0 dagger; 3 stones; a kobold corpse
b - 9 poisoned darts (gained 6)
Found a stone staircase leading down.
There is a stone staircase leading down here.
Found a robe.
You see here a +0 robe.
Found an escape hatch in the floor.
There is an escape hatch in the floor here. 2 gnolls come into view.
The gnoll shouts!
You hear a shout!
The gnoll moves out of view.
A gnoll is nearby!
A gnoll comes into view. It is wielding a +0 whip.
Found 26 gold pieces.
Casting: Beastly Appendage (safe; 9% risk of failure)
Confirm with . or Enter, or press ? or * to list all spells.
One of your tentacles grows a vicious spike.
The gnoll shouts!
Casting: Beastly Appendage (safe; 9% risk of failure)
Confirm with . or Enter, or press ? or * to list all spells.
Your blood is infused with primal strength.
The gnoll hits you with a +0 flail!
You closely miss the gnoll. Your grab misses the gnoll. You squeeze the gnoll!
The gnoll is heavily wounded.
The gnoll hits you with a +0 flail.
You barely miss the gnoll. You grab the gnoll.
The gnoll is heavily wounded.
You constrict the gnoll. The gnoll hits you with a +0 flail.
* * * LOW HITPOINT WARNING * * *
You completely miss the gnoll. You squeeze the gnoll.
You feel a bit better.
You kill the gnoll!
The gnoll hits you from afar with a +0 spear!
You die...

#################
#................
##.############## #.# #.# #####
#.# # ...$.g###.##############
.$...g)@..............>#
......########.###.###.# .....
#.# #.# #.# ### ### #######
#.###.###.# #.###.###.###.###
#...#...#.# .#.#.#.#.#.#.#..#####
###.###.#.#
.#.#.#.#.#.#.#......#####.......#
###.###.###.#######.##....###.#.#
#.### ### ####.##.#.##....# #.#.#


You could see 2 gnolls.

Vanquished Creatures
  A gnoll (D:2)
  4 ball pythons
  2 endoplasms
  A goblin (D:1)
  2 hobgoblins
  2 quokkas (D:1)
  2 bats (D:1)
  A frilled lizard (D:1)
  4 kobolds
  4 rats (D:1)
23 creatures vanquished.

Notes
Turn   | Place    | Note
-------+----------+-------------------------------------------
     0 | D:1      | Manisia the Octopode Transmuter began the quest for the
                  | Orb.
     0 | D:1      | Reached XP level 1. HP: 13/13 MP: 3/3
   175 | D:1      | Reached XP level 2. HP: 18/18 MP: 3/5
   768 | D:1      | Learned a level 2 spell: Wereblood
   994 | D:2      | Reached XP level 3. HP: 19/23 MP: 4/6
  1164 | D:2      | Slain by a gnoll

Illustrated notes

Levels and vault maps discovered:
D:1:      dpeg_arrival_connections, layout_basic, minmay_small_reverse_x
D:2:      layout_basic, grunt_decor_resistance

Action                   || total
-------------------------++-------
Melee: Unarmed           ||    41
       Constrict         ||    12
       Tentacles         ||     9
       Kick              ||     6
       Punch             ||     1
 Cast: Beastly Appendage ||    10
       Wereblood         ||     1
  Use: Scroll            ||     5
 Stab: Sleeping          ||     1
Armor: Skin              ||     4
Dodge: Dodged            ||    17

Table legend: (Time is in decaauts)
 A = Elapsed time spent in this place.
 B = Non-inter-level travel time spent in this place.
 C = Inter-level travel time spent in this place.
 D = Time resting spent in this place.
 E = Time spent auto-exploring this place.
 F = Levels seen in this place.
 G = Mean time per level.
                   A        B        C        D        E       F      G
               +--------+--------+--------+--------+--------+-----+--------+
         Total |   1160 |   1160 |      0 |    100 |    895 |   2 |  580.0 |
       Dungeon |   1160 |   1160 |      0 |    100 |    895 |   2 |  580.0 |
               +--------+--------+--------+--------+--------+-----+--------+

Top non-repeatable levels by time:
     D:1: 867 daAuts
     D:2: 293 daAuts
